WCHLSIM.com - West Coast Hockey League
html PUBLIC "-//W3C//DTD XHTML 1.0 Transitional//EN" "http://www.w3.org/TR/xhtml1/DTD/xhtml1-transitional.dtd"> WCHL - Game 450 - SASKATOON DUCKS vs SAN DIEGO THUNDER

SASKATOON DUCKS vs SAN DIEGO THUNDER

Created - 16 janvier 2021 at 21:51

Goals
1 2 3 OT1 T
SASKATOON DUCKS 1 1 0 0 2
SAN DIEGO THUNDER 1 0 1 1 3
Shots
1 2 3 OT1 T
SASKATOON DUCKS 4 8 4 1 17
SAN DIEGO THUNDER 6 8 10 2 26

1st period

1. SASKATOON DUCKS , Artemi Panarin 20 (William Nylander 10, Dylan Strome 18) at 5:19
2. SAN DIEGO THUNDER , Ryan Hartman 5 (Vladislav Gavrikov 1, Marcus Foligno 7) at 19:50

Penalties :
Kailer Yamamoto (SAS) for Interference (Minor) at 11:04, Marcus Foligno (SDG) for Hooking (Minor) at 13:33

2nd period

3. SASKATOON DUCKS , Kailer Yamamoto 13 (Dylan Strome 19, Andrej Sekera 1) at 5:27 (PP)

Penalties :
Ryan McDonagh (SAS) for Hooking (Minor) at 0:31, Mark Borowiecki (SDG) for Slashing (Minor) at 3:31, William Nylander (SAS) for Delaying the game (Minor) at 10:22

3rd period

4. SAN DIEGO THUNDER , Mark Scheifele 13 (Nikita Kucherov 24, Evander Kane 17) at 12:34

Penalties :
Jean-Gabriel Pageau (SDG) for Tripping (Minor) at 1:13, Kailer Yamamoto (SAS) for Holding (Minor) at 5:06, Rasmus Dahlin (SDG) for Elbowing (Minor) at 12:47, David Perron (SDG) for Interference (Minor) at 16:03

Overtime #1

5. SAN DIEGO THUNDER , Mark Scheifele 14 (David Perron 15, Charles McAvoy 14) at 2:58

Penalties :
No Penalty

Goalie Stats

Jordan Binnington (SAS), 23 saves from 26 shots - (0,885), OTL, 15-4-3, 62:59 minutes
Connor Hellebuyck (SDG), 15 saves from 17 shots - (0,882), W, 18-7-1, 62:59 minutes

Players Stats for SASKATOON DUCKS

Player Name              G  A  P  +/- PIM S  H  SB GA TA FO     MP     PP MP  PK MP  
------------------------------------------------------------------------------------
Alex Goligoski           0  0  0  -2  0   1  2  1  0  0  0/0    25:41   4:02   3:37 
Andrej Sekera            0  1  1   0  0   0  2  0  0  0  0/0    17:01   1:26   3:01 
Anthony Duclair          0  0  0   0  0   1  0  0  0  0  0/0    10:52   0:00   5:01 
Artemi Panarin           1  0  1  -2  0   3  2  0  0  0  0/0    18:07   4:51   0:00 
Blake Comeau             0  0  0   0  0   0  0  0  0  0  0/0     8:46   0:00   2:55 
Dylan Strome             0  2  2  -1  0   2  0  0  0  0  6/16   19:36   3:22   4:55 
Jakub Vrana              0  0  0   0  0   0  1  0  0  0  0/0    13:17   1:39   0:00 
Joe Thornton             0  0  0   0  0   0  1  0  0  0  5/12   11:38   0:00   0:00 
Kailer Yamamoto          1  0  1   0  4   4  4  0  0  0  2/3    18:25   4:01   0:00 
Radko Gudas              0  0  0   0  0   0  1  1  0  0  0/0    16:35   0:00   4:01 
Ryan McDonagh            0  0  0  -1  2   1  1  2  0  0  0/0    22:59   4:24   0:54 
Ryan Strome              0  0  0  -1  0   0  1  0  0  0  4/6    21:12   5:51   0:00 
Samuel Girard            0  0  0   0  0   0  1  1  0  0  0/0    17:22   4:24   0:00 
Sidney Crosby            0  0  0   0  0   1  1  0  0  0  9/17   19:15   5:51   0:00 
Tyler Bozak              0  0  0   0  0   1  0  1  0  0  6/7     8:46   0:00   2:55 
Warren Foegele           0  0  0   0  0   0  0  0  0  0  0/2    11:44   0:00   0:06 
William Nylander         0  1  1  -1  2   2  1  0  0  0  0/1    16:21   4:01   0:00 
Zdeno Chara              0  0  0   0  0   1  1  2  0  0  0/0    23:20   5:28   4:19 

Players Stats for SAN DIEGO THUNDER

Player Name              G  A  P  +/- PIM S  H  SB GA TA FO     MP     PP MP  PK MP  
------------------------------------------------------------------------------------
Charles McAvoy           0  1  1   2  0   0  0  3  0  0  0/0    27:04   4:09   5:51 
Connor Murphy            0  0  0   1  0   0  4  2  0  0  0/0    26:23   4:09   6:09 
David Perron             0  1  1   1  2   5  2  0  0  0  0/1    20:47   4:16   0:34 
Drake Batherson          0  0  0   1  0   4  1  0  0  0  0/7    13:18   0:00   3:30 
Evander Kane             0  1  1   1  0   3  0  0  0  0  3/3    21:12   3:11   0:00 
Haydn Fleury             0  0  0   0  0   0  0  0  0  0  0/0     0:00   0:00   0:00 
Ilya Mikheyev            0  0  0   0  0   1  0  0  0  0  1/3    17:10   3:11   0:00 
Jean-Gabriel Pageau      0  0  0   0  2   3  5  0  0  0  12/17  22:35   3:11   5:26 
Marcus Foligno           0  1  1   0  2   2  3  0  0  0  1/1    14:05   0:29   2:25 
Mark Borowiecki          0  0  0   1  2   0  4  2  0  0  0/0    18:06   0:00   2:53 
Mark Scheifele           2  0  2   2  0   4  0  0  0  0  12/28  23:45   4:45   0:00 
Michael Matheson         0  0  0  -1  0   0  0  0  0  0  0/0    15:40   3:47   0:00 
Michael Pezzetta         0  0  0   0  0   0  0  0  0  0  0/0     2:22   0:00   2:22 
Nikita Kucherov          0  1  1   1  0   1  1  0  0  0  0/0    22:46   4:45   0:00 
Rasmus Dahlin            0  0  0  -1  2   0  3  0  0  0  0/0    16:29   3:47   0:50 
Robert Fabbri            0  0  0  -1  0   0  0  0  0  0  1/2     1:29   0:00   0:05 
Ryan Hartman             1  0  1   0  0   2  0  0  0  0  2/2    16:34   0:00   5:22 
Vladislav Gavrikov       0  1  1   1  0   1  0  0  0  0  0/0    19:15   0:00   4:01 

3 Stars

1 - Mark Scheifele (SDG)
2 - Charles McAvoy (SDG)
3 - Ryan Hartman (SDG)

Power Play

SASKATOON DUCKS - 1 on 5 Attempt(s) - 20,00%
SAN DIEGO THUNDER - 0 on 4 Attempt(s) - 0,00%

Penalty Kill

SASKATOON DUCKS - 4 on 4 Attempt(s) - 100,00% - Score 0 goal in Penalty Kill
SAN DIEGO THUNDER - 4 on 5 Attempt(s) - 80,00% - Score 0 goal in Penalty Kill

Team Stat

SASKATOON DUCKS - Hits : 19 - Faceoff Wins : 32 - Blocked Shots : 8 - Penalty Minutes : 8
SAN DIEGO THUNDER - Hits : 23 - Faceoff Wins : 32 - Blocked Shots : 7 - Penalty Minutes : 10

Official

Referees : Jake Brenk and Kelly Sutherland
Linesman : Jim Harper and Andrew Smith

Game Notes

No Game Note

Finance

Level 1 -- Attendance: 4577 (73,00%) -- Ticket Income 823 860 $
Level 2 -- Attendance: 3912 (73,53%) -- Ticket Income 489 000 $
Level 3 -- Attendance: 1733 (82,92%) -- Ticket Income 155 970 $
Level 4 -- Attendance: 3869 (89,56%) -- Ticket Income 232 140 $
Luxury Box -- Attendance: 742 (74,20%) -- Ticket Income 222 600 $
Total Attendance: 14833 (78,07%)
Total Ticket Income: 1 923 570 $
Other Expense: 19 236 $
Total Income: 1 904 334 $

SASKATOON DUCKS

5 vs 5 Forward 
   Center                   Left Wing                Right Wing               Time % Phy DF OF 
 1 Sidney Crosby            Kailer Yamamoto          Ryan Strome              34     0   4  1  
 2 Dylan Strome             Artemi Panarin           William Nylander         32     0   4  1  
 3 Joe Thornton             Jakub Vrana              Warren Foegele           26     0   4  1  
 4 Tyler Bozak              Anthony Duclair          Blake Comeau             8      0   4  1  

5 vs 5 Defense 
   Defense                  Defense                                           Time % Phy DF OF 
 1 Alex Goligoski           Ryan McDonagh                                     42     0   4  1  
 2 Zdeno Chara              Samuel Girard                                     35     0   5  0  
 3 Radko Gudas              Andrej Sekera                                     23     0   5  0  
 4 Zdeno Chara              Ryan McDonagh                                     0      1   2  2  

PowerPlay Forward 
   Center                   Left Wing                Right Wing               Time % Phy DF OF 
 1 Sidney Crosby            Artemi Panarin           Ryan Strome              50     0   3  2  
 2 Dylan Strome             Kailer Yamamoto          William Nylander         50     0   2  3  

PowerPlay Defense
   Defense                  Defense                                           Time % Phy DF OF 
 1 Zdeno Chara              Alex Goligoski                                    50     0   2  3  
 2 Samuel Girard            Ryan McDonagh                                     50     0   3  2  

Penalty Kill 4 Players Forward 
   Center                   Wing                     Time % Phy DF OF 
 1 Dylan Strome             Anthony Duclair          55     0   5  0  
 2 Tyler Bozak              Blake Comeau             45     0   5  0  

Penalty Kill 4 Players Defense
   Defense                  Defense                  Time % Phy DF OF 
 1 Zdeno Chara              Radko Gudas              55     0   5  0  
 2 Andrej Sekera            Alex Goligoski           45     0   5  0  

Penalty Kill - 3 Players Forward 
   Forward                                           Time % Phy DF OF 
 1 Dylan Strome                                      55     0   5  0  
 2 Tyler Bozak                                       45     0   5  0  

Penalty Kill - 3 Players Defense
   Defense                  Defense                  Time % Phy DF OF 
 1 Zdeno Chara              Radko Gudas              55     0   5  0  
 2 Andrej Sekera            Samuel Girard            45     0   5  0  

4 vs 4 Forward 
   Center                   Wing                     Time % Phy DF OF 
 1 Dylan Strome             Artemi Panarin           55     1   2  2  
 2 Ryan Strome              William Nylander         45     1   2  2  

4 vs 4 Defense
   Defense                  Defense                  Time % Phy DF OF 
 1 Alex Goligoski           Ryan McDonagh            55     1   2  2  
 2 Zdeno Chara              Samuel Girard            45     1   2  2  

Last Minutes Offensive
   Center                   Left Wing                Right Wing               Defense                  Defense                  
   Ryan Strome              Artemi Panarin           William Nylander         Ryan McDonagh            Alex Goligoski           

Last Minutes Defensive
   Center                   Left Wing                Right Wing               Defense                  Defense                  
   Ryan Strome              Artemi Panarin           Kailer Yamamoto          Zdeno Chara              Ryan McDonagh            

Goaltenders
Starting : Jordan Binnington        
Backup : Ryan Miller              

Extra Forwards
Normal : Ryan Strome, Artemi Panarin, William Nylander - PP : Jakub Vrana, William Nylander - PK : Warren Foegele
Extra Defensemen
Normal : Alex Goligoski, Ryan McDonagh, Samuel Girard - PP : Zdeno Chara - PK : Andrej Sekera, Ryan McDonagh
Penalty Shots
Artemi Panarin, William Nylander, Ryan Strome, Kailer Yamamoto, Dylan Strome
Custom OT Lines Forwards
Ryan Strome, Artemi Panarin, Kailer Yamamoto, William Nylander, Jakub Vrana, Dylan Strome, Joe Thornton, Anthony Duclair, Warren Foegele, Tyler Bozak
Custom OT Lines Defensemen
Alex Goligoski, Ryan McDonagh, Samuel Girard, Radko Gudas, Zdeno Chara

Scratches
None

SAN DIEGO THUNDER

5 vs 5 Forward 
   Center                   Left Wing                Right Wing               Time % Phy DF OF 
 1 Mark Scheifele           Evander Kane             Nikita Kucherov          36     0   2  3  
 2 Jean-Gabriel Pageau      David Perron             Ilya Mikheyev            32     0   2  3  
 3 Drake Batherson          Marcus Foligno           Ryan Hartman             26     0   3  2  
 4 Robert Fabbri            Marcus Foligno           Ryan Hartman             6      0   4  1  

5 vs 5 Defense 
   Defense                  Defense                                           Time % Phy DF OF 
 1 Charles McAvoy           Connor Murphy                                     36     0   4  1  
 2 Vladislav Gavrikov       Mark Borowiecki                                   31     0   4  1  
 3 Rasmus Dahlin            Michael Matheson                                  18     0   4  1  
 4 Connor Murphy            Charles McAvoy                                    15     0   2  3  

PowerPlay Forward 
   Center                   Left Wing                Right Wing               Time % Phy DF OF 
 1 Mark Scheifele           David Perron             Nikita Kucherov          55     0   1  4  
 2 Jean-Gabriel Pageau      Evander Kane             Ilya Mikheyev            45     0   1  4  

PowerPlay Defense
   Defense                  Defense                                           Time % Phy DF OF 
 1 Charles McAvoy           Connor Murphy                                     55     0   1  4  
 2 Rasmus Dahlin            Michael Matheson                                  45     0   1  4  

Penalty Kill 4 Players Forward 
   Center                   Wing                     Time % Phy DF OF 
 1 Jean-Gabriel Pageau      Ryan Hartman             55     0   4  1  
 2 Drake Batherson          Marcus Foligno           45     0   4  1  

Penalty Kill 4 Players Defense
   Defense                  Defense                  Time % Phy DF OF 
 1 Charles McAvoy           Connor Murphy            55     0   4  1  
 2 Vladislav Gavrikov       Mark Borowiecki          45     0   4  1  

Penalty Kill - 3 Players Forward 
   Forward                                           Time % Phy DF OF 
 1 Ryan Hartman                                      55     0   4  1  
 2 Jean-Gabriel Pageau                               45     0   4  1  

Penalty Kill - 3 Players Defense
   Defense                  Defense                  Time % Phy DF OF 
 1 Charles McAvoy           Connor Murphy            55     0   4  1  
 2 Michael Matheson         Mark Borowiecki          45     0   4  1  

4 vs 4 Forward 
   Center                   Wing                     Time % Phy DF OF 
 1 Mark Scheifele           Ryan Hartman             55     0   2  3  
 2 Jean-Gabriel Pageau      David Perron             45     0   2  3  

4 vs 4 Defense
   Defense                  Defense                  Time % Phy DF OF 
 1 Charles McAvoy           Connor Murphy            55     1   2  2  
 2 Rasmus Dahlin            Mark Borowiecki          45     1   2  2  

Last Minutes Offensive
   Center                   Left Wing                Right Wing               Defense                  Defense                  
   Mark Scheifele           David Perron             Nikita Kucherov          Charles McAvoy           Rasmus Dahlin            

Last Minutes Defensive
   Center                   Left Wing                Right Wing               Defense                  Defense                  
   Mark Scheifele           Evander Kane             Ryan Hartman             Charles McAvoy           Connor Murphy            

Goaltenders
Starting : Connor Hellebuyck        
Backup : Louis Domingue           

Extra Forwards
Normal : Mark Scheifele, David Perron, Evander Kane - PP : Mark Scheifele, Marcus Foligno - PK : Ryan Hartman
Extra Defensemen
Normal : Connor Murphy, Charles McAvoy, Rasmus Dahlin - PP : Charles McAvoy - PK : Connor Murphy, Charles McAvoy
Penalty Shots
Mark Scheifele, David Perron, Evander Kane, Jean-Gabriel Pageau, Ilya Mikheyev
Custom OT Lines Forwards
Mark Scheifele, David Perron, Nikita Kucherov, Evander Kane, Jean-Gabriel Pageau, Ilya Mikheyev, Robert Fabbri, Drake Batherson, Marcus Foligno, Ryan Hartman
Custom OT Lines Defensemen
Charles McAvoy, Connor Murphy, Rasmus Dahlin, Mark Borowiecki, Vladislav Gavrikov

Scratches
Logan Couture (Healthy), Laurent Brossoit (Fractured Metatarsal (Right Foot) Injury)

% Time on Ice - SASKATOON DUCKS

Lines # - Real PCT - Wanted PCT - Time Play
Normal Forward
1 - 32% - 34% - 13:24
2 - 27% - 32% - 11:19
3 - 28% - 26% - 11:38
4 - 14% - 8% - 5:51
Normal Defense
1 - 38% - 42% - 16:05
2 - 31% - 35% - 12:58
3 - 30% - 23% - 12:34
4 - 1% - 0% - 0:35
PP Forward
1 - 59% - 50% - 5:51
2 - 41% - 50% - 4:01
PP Defense
1 - 55% - 50% - 5:28
2 - 45% - 50% - 4:24
PK Forward
1 - 63% - 55% - 5:01
2 - 37% - 45% - 2:55
PK Defense
1 - 54% - 55% - 4:19
2 - 46% - 45% - 3:37
PK3 Forward
1 - 0% - 55%
2 - 0% - 45%
PK3 Defense
1 - 0% - 55%
2 - 0% - 45%
44 Forward
1 - 0% - 55%
2 - 0% - 45%
44 Defense
1 - 0% - 55%
2 - 0% - 45%
Last Minute Offensive  - 0:00
Last Minute Defensive  - 0:00
Total
Forward - 60:00
Defense - 60:00

% Time on Ice - SAN DIEGO THUNDER

Lines # - Real PCT - Wanted PCT - Time Play
Normal Forward
1 - 40% - 36% - 17:01
2 - 33% - 32% - 13:59
3 - 23% - 26% - 9:48
4 - 3% - 6% - 1:24
Normal Defense
1 - 31% - 36% - 13:03
2 - 36% - 31% - 15:14
3 - 28% - 18% - 11:53
4 - 5% - 15% - 2:02
PP Forward
1 - 60% - 55% - 4:45
2 - 40% - 45% - 3:11
PP Defense
1 - 52% - 55% - 4:09
2 - 48% - 45% - 3:47
PK Forward
1 - 69% - 55% - 6:51
2 - 31% - 45% - 3:01
PK Defense
1 - 59% - 55% - 5:51
2 - 41% - 45% - 4:01
PK3 Forward
1 - 0% - 55%
2 - 0% - 45%
PK3 Defense
1 - 0% - 55%
2 - 0% - 45%
44 Forward
1 - 0% - 55%
2 - 0% - 45%
44 Defense
1 - 0% - 55%
2 - 0% - 45%
Last Minute Offensive  - 0:00
Last Minute Defensive  - 0:00
Total
Forward - 60:00
Defense - 60:00

Play-by-Play

1st period


0:01 of 1st period - Evander Kane wins face-off versus Sidney Crosby in neutral zone.
1:00 of 1st period - Shot by Dylan Strome.
1:00 of 1st period - Shot Blocked by Connor Murphy.
1:02 of 1st period - Shot by Zdeno Chara.
1:02 of 1st period - Stopped by Connor Hellebuyck without a rebound.
1:03 of 1st period - Jean-Gabriel Pageau wins face-off versus Joe Thornton in SAN DIEGO THUNDER zone.
1:03 of 1st period - Jean-Gabriel Pageau is hit by Jakub Vrana.
1:13 of 1st period - Mark Borowiecki is hit by Radko Gudas and loses puck.
1:36 of 1st period - Shot by Jean-Gabriel Pageau.
1:36 of 1st period - Shot Misses the Net.
1:38 of 1st period - Shot by Vladislav Gavrikov.
1:38 of 1st period - Shot Misses the Net.
3:46 of 1st period - Shot by Ryan Strome.
3:46 of 1st period - Shot Hit the Post.
3:48 of 1st period - Shot by Alex Goligoski.
3:48 of 1st period - Stopped by Connor Hellebuyck with a rebound.
4:05 of 1st period - Ryan Strome is hit by Connor Murphy and loses puck.
4:28 of 1st period - Jean-Gabriel Pageau is hit by Kailer Yamamoto and loses puck.
4:43 of 1st period - Shot by Ilya Mikheyev.
4:43 of 1st period - Stopped by Jordan Binnington with a rebound.
4:45 of 1st period - Shot by Mark Borowiecki.
4:45 of 1st period - Shot Misses the Net.
4:47 of 1st period - Shot by Jean-Gabriel Pageau.
4:47 of 1st period - Shot Misses the Net.
4:49 of 1st period - Shot by Jean-Gabriel Pageau.
4:49 of 1st period - Shot Misses the Net.
4:51 of 1st period - Shot by Jean-Gabriel Pageau.
4:51 of 1st period - Stopped by Jordan Binnington without a rebound.
4:52 of 1st period - Ryan Hartman wins face-off versus Dylan Strome in SASKATOON DUCKS zone.
5:19 of 1st period - Shot by William Nylander.
5:19 of 1st period - Deflect By Artemi Panarin.
5:19 of 1st period - Goal by Artemi Panarin - SASKATOON DUCKS : 1 - SAN DIEGO THUNDER : 0.
5:20 of 1st period - Tyler Bozak wins face-off versus David Perron in neutral zone.
6:12 of 1st period - Radko Gudas is hit by David Perron and loses puck.
6:20 of 1st period - Icing by Radko Gudas.
6:21 of 1st period - Sidney Crosby wins face-off versus Mark Scheifele in SASKATOON DUCKS zone.
6:27 of 1st period - Nikita Kucherov is hit by Andrej Sekera and loses puck.
6:43 of 1st period - Kailer Yamamoto is hit by Connor Murphy and loses puck.
6:47 of 1st period - Icing by Connor Murphy.
6:48 of 1st period - Dylan Strome wins face-off versus Mark Scheifele in SAN DIEGO THUNDER zone.
6:48 of 1st period - Dylan Strome is hit by Connor Murphy.
7:32 of 1st period - Drake Batherson is hit by Artemi Panarin and loses puck.
8:43 of 1st period - Shot by Sidney Crosby.
8:43 of 1st period - Stopped by Connor Hellebuyck without a rebound.
8:44 of 1st period - Tyler Bozak wins face-off versus Mark Scheifele in SAN DIEGO THUNDER zone.
8:59 of 1st period - Shot by Evander Kane.
8:59 of 1st period - Stopped by Jordan Binnington with a rebound.
9:01 of 1st period - Shot by Charles McAvoy.
9:01 of 1st period - Shot Misses the Net.
9:27 of 1st period - Shot by Mark Scheifele.
9:27 of 1st period - Stopped by Jordan Binnington with a rebound.
9:51 of 1st period - Artemi Panarin is hit by Jean-Gabriel Pageau and loses puck.
10:40 of 1st period - Ryan Hartman is hit by Alex Goligoski and loses puck.
11:04 of 1st period - Minor Penalty to Kailer Yamamoto for Interference.
11:05 of 1st period - Mark Scheifele wins face-off versus Warren Foegele in SASKATOON DUCKS zone.
11:16 of 1st period - Shot by David Perron.
11:16 of 1st period - Deflect By Nikita Kucherov.
11:16 of 1st period - Shot Blocked by Zdeno Chara.
11:23 of 1st period - Shot by Connor Murphy.
11:23 of 1st period - Shot Hit the Post.
11:25 of 1st period - Shot by Connor Murphy.
11:25 of 1st period - Shot Misses the Net.
11:29 of 1st period - Shot by Mark Scheifele.
11:29 of 1st period - Shot Misses the Net.
13:12 of 1st period - Shot by Drake Batherson.
13:12 of 1st period - Stopped by Jordan Binnington without a rebound.
13:13 of 1st period - Sidney Crosby wins face-off versus Drake Batherson in SASKATOON DUCKS zone.
13:13 of 1st period - Ryan Strome is hit by Drake Batherson and loses puck.
13:33 of 1st period - Minor Penalty to Marcus Foligno for Hooking.
13:34 of 1st period - Sidney Crosby wins face-off versus Jean-Gabriel Pageau in SAN DIEGO THUNDER zone.
14:43 of 1st period - Shot by William Nylander.
14:43 of 1st period - Deflect By Jakub Vrana.
14:43 of 1st period - Shot Blocked by Connor Murphy.
14:45 of 1st period - Shot by Alex Goligoski.
14:45 of 1st period - Shot Blocked by Charles McAvoy.
16:03 of 1st period - Tyler Bozak is hit by Rasmus Dahlin.
16:40 of 1st period - Joe Thornton is hit by Rasmus Dahlin and loses puck.
17:01 of 1st period - Mark Scheifele is hit by William Nylander and loses puck.
17:18 of 1st period - Shot by William Nylander.
17:18 of 1st period - Shot Hit the Post.
17:20 of 1st period - Shot by Artemi Panarin.
17:20 of 1st period - Shot Misses the Net.
17:25 of 1st period - Icing by Michael Matheson.
17:26 of 1st period - Sidney Crosby wins face-off versus Mark Scheifele in SAN DIEGO THUNDER zone.
18:39 of 1st period - Shot by Jean-Gabriel Pageau.
18:39 of 1st period - Shot Misses the Net.
19:41 of 1st period - Marcus Foligno is hit by Artemi Panarin and loses puck.
19:50 of 1st period - Shot by Ryan Hartman.
19:50 of 1st period - Goal by Ryan Hartman - SASKATOON DUCKS : 1 - SAN DIEGO THUNDER : 1.
19:51 of 1st period - Joe Thornton wins face-off versus Robert Fabbri in neutral zone.
Goals for this period are 1 for SASKATOON DUCKS vs 1 for SAN DIEGO THUNDER.
Shots for this period are 4 for SASKATOON DUCKS vs 6 for SAN DIEGO THUNDER.

2nd period


0:01 of 2nd period - Jean-Gabriel Pageau wins face-off versus Joe Thornton in neutral zone.
0:15 of 2nd period - David Perron is hit by Alex Goligoski and loses puck.
0:31 of 2nd period - Minor Penalty to Ryan McDonagh for Hooking.
0:32 of 2nd period - Dylan Strome wins face-off versus Mark Scheifele in SASKATOON DUCKS zone.
0:32 of 2nd period - Dylan Strome is hit by Nikita Kucherov.
0:57 of 2nd period - Icing by Nikita Kucherov.
0:58 of 2nd period - Mark Scheifele wins face-off versus Dylan Strome in SAN DIEGO THUNDER zone.
1:18 of 2nd period - Tyler Bozak is hit by Rasmus Dahlin and loses puck.
2:44 of 2nd period - Shot by Drake Batherson.
2:44 of 2nd period - Stopped by Jordan Binnington without a rebound.
2:45 of 2nd period - Robert Fabbri wins face-off versus Sidney Crosby in SASKATOON DUCKS zone.
3:06 of 2nd period - Ryan Strome is hit by Mark Borowiecki and loses puck.
3:09 of 2nd period - Shot by Kailer Yamamoto.
3:09 of 2nd period - Shot Misses the Net.
3:31 of 2nd period - Minor Penalty to Mark Borowiecki for Slashing.
3:32 of 2nd period - Kailer Yamamoto wins face-off versus Jean-Gabriel Pageau in SAN DIEGO THUNDER zone.
3:35 of 2nd period - Shot by Dylan Strome.
3:35 of 2nd period - Stopped by Connor Hellebuyck with a rebound.
3:37 of 2nd period - Shot by Ryan McDonagh.
3:37 of 2nd period - Stopped by Connor Hellebuyck without a rebound.
3:38 of 2nd period - Jean-Gabriel Pageau wins face-off versus Dylan Strome in SAN DIEGO THUNDER zone.
5:07 of 2nd period - Jean-Gabriel Pageau is hit by Kailer Yamamoto and loses puck.
5:21 of 2nd period - Shot by Kailer Yamamoto.
5:21 of 2nd period - Shot Misses the Net.
5:25 of 2nd period - Shot by Dylan Strome.
5:25 of 2nd period - Shot Misses the Net.
5:27 of 2nd period - Shot by Kailer Yamamoto.
5:27 of 2nd period - Goal by Kailer Yamamoto - SASKATOON DUCKS : 2 - SAN DIEGO THUNDER : 1.
5:28 of 2nd period - Mark Scheifele wins face-off versus Joe Thornton in neutral zone.
5:44 of 2nd period - Icing by Connor Murphy.
5:45 of 2nd period - Tyler Bozak wins face-off versus Mark Scheifele in SAN DIEGO THUNDER zone.
6:08 of 2nd period - Shot by Evander Kane.
6:08 of 2nd period - Stopped by Jordan Binnington without a rebound.
6:09 of 2nd period - Jean-Gabriel Pageau wins face-off versus Dylan Strome in SASKATOON DUCKS zone.
6:12 of 2nd period - Shot by David Perron.
6:12 of 2nd period - Shot Misses the Net.
6:14 of 2nd period - Shot by Jean-Gabriel Pageau.
6:14 of 2nd period - Deflect By David Perron.
6:14 of 2nd period - Stopped by Jordan Binnington with a rebound.
6:16 of 2nd period - Shot by David Perron.
6:16 of 2nd period - Shot Misses the Net.
6:40 of 2nd period - Shot by David Perron.
6:40 of 2nd period - Shot Misses the Net.
6:42 of 2nd period - Shot by David Perron.
6:42 of 2nd period - Stopped by Jordan Binnington without a rebound.
6:43 of 2nd period - Mark Scheifele wins face-off versus Joe Thornton in SASKATOON DUCKS zone.
7:02 of 2nd period - Shot by Evander Kane.
7:02 of 2nd period - Stopped by Jordan Binnington with a rebound.
7:15 of 2nd period - Joe Thornton is hit by Mark Borowiecki and loses puck.
7:35 of 2nd period - Evander Kane is hit by Sidney Crosby and loses puck.
7:46 of 2nd period - Shot by Ryan Strome.
7:46 of 2nd period - Shot Blocked by Mark Borowiecki.
7:48 of 2nd period - Shot by Kailer Yamamoto.
7:48 of 2nd period - Shot Misses the Net.
8:14 of 2nd period - Shot by Kailer Yamamoto.
8:14 of 2nd period - Stopped by Connor Hellebuyck without a rebound.
8:15 of 2nd period - Marcus Foligno wins face-off versus Dylan Strome in SAN DIEGO THUNDER zone.
8:53 of 2nd period - Ryan McDonagh is hit by Marcus Foligno and loses puck.
9:15 of 2nd period - Warren Foegele is hit by Marcus Foligno and loses puck.
9:23 of 2nd period - Icing by Zdeno Chara.
9:24 of 2nd period - Joe Thornton wins face-off versus Jean-Gabriel Pageau in SASKATOON DUCKS zone.
9:30 of 2nd period - Off-side.
9:31 of 2nd period - Sidney Crosby wins face-off versus Ilya Mikheyev in neutral zone.
10:15 of 2nd period - Shot by Sidney Crosby.
10:15 of 2nd period - Shot Misses the Net.
10:22 of 2nd period - Minor Penalty to William Nylander for Delaying the game.
10:23 of 2nd period - Mark Scheifele wins face-off versus Dylan Strome in SASKATOON DUCKS zone.
11:30 of 2nd period - Shot by Ilya Mikheyev.
11:30 of 2nd period - Shot Misses the Net.
11:40 of 2nd period - Shot by Ilya Mikheyev.
11:40 of 2nd period - Shot Misses the Net.
12:19 of 2nd period - Shot by Marcus Foligno.
12:19 of 2nd period - Stopped by Jordan Binnington with a rebound.
12:33 of 2nd period - Shot by Joe Thornton.
12:33 of 2nd period - Shot Misses the Net.
12:55 of 2nd period - Ryan Hartman is hit by Zdeno Chara and loses puck.
14:11 of 2nd period - Shot by Kailer Yamamoto.
14:11 of 2nd period - Stopped by Connor Hellebuyck with a rebound.
14:38 of 2nd period - Shot by William Nylander.
14:38 of 2nd period - Stopped by Connor Hellebuyck without a rebound.
14:39 of 2nd period - Tyler Bozak wins face-off versus Mark Scheifele in SAN DIEGO THUNDER zone.
15:13 of 2nd period - Icing by Blake Comeau.
15:14 of 2nd period - Tyler Bozak wins face-off versus Drake Batherson in SASKATOON DUCKS zone.
15:21 of 2nd period - Shot by Ryan Hartman.
15:21 of 2nd period - Shot Misses the Net.
15:44 of 2nd period - Shot by Marcus Foligno.
15:44 of 2nd period - Deflect By Ryan Hartman.
15:44 of 2nd period - Stopped by Jordan Binnington with a rebound.
15:46 of 2nd period - Shot by Vladislav Gavrikov.
15:46 of 2nd period - Shot Blocked by Tyler Bozak.
16:18 of 2nd period - Dylan Strome is hit by Connor Murphy and loses puck.
16:23 of 2nd period - Shot by Dylan Strome.
16:23 of 2nd period - Shot Misses the Net.
16:41 of 2nd period - Icing by Nikita Kucherov.
16:42 of 2nd period - Mark Scheifele wins face-off versus Sidney Crosby in SAN DIEGO THUNDER zone.
17:05 of 2nd period - Shot by Kailer Yamamoto.
17:05 of 2nd period - Stopped by Connor Hellebuyck without a rebound.
17:06 of 2nd period - Jean-Gabriel Pageau wins face-off versus Warren Foegele in SAN DIEGO THUNDER zone.
17:40 of 2nd period - Shot by Jean-Gabriel Pageau.
17:40 of 2nd period - Stopped by Jordan Binnington without a rebound.
17:41 of 2nd period - Dylan Strome wins face-off versus Drake Batherson in SASKATOON DUCKS zone.
18:05 of 2nd period - Shot by Artemi Panarin.
18:05 of 2nd period - Stopped by Connor Hellebuyck without a rebound.
18:06 of 2nd period - Mark Scheifele wins face-off versus Sidney Crosby in SAN DIEGO THUNDER zone.
19:05 of 2nd period - Ryan Strome is hit by Jean-Gabriel Pageau.
19:28 of 2nd period - William Nylander is hit by Mark Borowiecki and loses puck.
19:52 of 2nd period - Artemi Panarin is hit by Mark Borowiecki and loses puck.
Goals for this period are 1 for SASKATOON DUCKS vs 0 for SAN DIEGO THUNDER.
Shots for this period are 8 for SASKATOON DUCKS vs 8 for SAN DIEGO THUNDER.

3rd period


0:01 of 3rd period - Dylan Strome wins face-off versus Drake Batherson in neutral zone.
0:17 of 3rd period - Marcus Foligno is hit by Ryan McDonagh and loses puck.
0:47 of 3rd period - Dylan Strome is hit by Marcus Foligno and loses puck.
1:00 of 3rd period - Shot by Jean-Gabriel Pageau.
1:00 of 3rd period - Shot Blocked by Ryan McDonagh.
1:13 of 3rd period - Minor Penalty to Jean-Gabriel Pageau for Tripping.
1:14 of 3rd period - Ryan Strome wins face-off versus Drake Batherson in SAN DIEGO THUNDER zone.
1:38 of 3rd period - Icing by Ryan Strome.
1:39 of 3rd period - Sidney Crosby wins face-off versus Drake Batherson in SASKATOON DUCKS zone.
3:23 of 3rd period - Shot by Anthony Duclair.
3:23 of 3rd period - Deflect By Tyler Bozak.
3:23 of 3rd period - Stopped by Connor Hellebuyck without a rebound.
3:24 of 3rd period - Tyler Bozak wins face-off versus Ilya Mikheyev in SAN DIEGO THUNDER zone.
3:29 of 3rd period - Shot by Anthony Duclair.
3:29 of 3rd period - Stopped by Connor Hellebuyck without a rebound.
3:30 of 3rd period - Evander Kane wins face-off versus Joe Thornton in SAN DIEGO THUNDER zone.
3:58 of 3rd period - Icing by Radko Gudas.
3:59 of 3rd period - Jean-Gabriel Pageau wins face-off versus Joe Thornton in SASKATOON DUCKS zone.
4:04 of 3rd period - Shot by David Perron.
4:04 of 3rd period - Stopped by Jordan Binnington without a rebound.
4:05 of 3rd period - Ilya Mikheyev wins face-off versus Dylan Strome in SASKATOON DUCKS zone.
4:24 of 3rd period - Shot by David Perron.
4:24 of 3rd period - Shot Misses the Net.
5:02 of 3rd period - Off-side.
5:03 of 3rd period - Sidney Crosby wins face-off versus Mark Scheifele in neutral zone.
5:05 of 3rd period - Off-side.
5:06 of 3rd period - Mark Scheifele wins face-off versus Ryan Strome in neutral zone.
5:06 of 3rd period - Minor Penalty to Kailer Yamamoto for Holding.
5:07 of 3rd period - Dylan Strome wins face-off versus Mark Scheifele in SASKATOON DUCKS zone.
5:38 of 3rd period - Andrej Sekera is hit by David Perron and loses puck.
6:39 of 3rd period - Shot by Charles McAvoy.
6:39 of 3rd period - Shot Blocked by Radko Gudas.
7:22 of 3rd period - Shot by Ryan Strome.
7:22 of 3rd period - Deflect By Sidney Crosby.
7:22 of 3rd period - Shot Blocked by Mark Borowiecki.
7:47 of 3rd period - Off-side.
7:48 of 3rd period - Mark Scheifele wins face-off versus Joe Thornton in neutral zone.
7:48 of 3rd period - Nikita Kucherov is hit by Joe Thornton and loses puck.
8:02 of 3rd period - Mark Scheifele is hit by Samuel Girard and loses puck.
8:09 of 3rd period - Shot by Nikita Kucherov.
8:09 of 3rd period - Stopped by Jordan Binnington without a rebound.
8:10 of 3rd period - Jean-Gabriel Pageau wins face-off versus Tyler Bozak in SASKATOON DUCKS zone.
8:16 of 3rd period - Ilya Mikheyev is hit by Andrej Sekera and loses puck.
8:23 of 3rd period - Shot by David Perron.
8:23 of 3rd period - Shot Misses the Net.
8:27 of 3rd period - Shot by Jean-Gabriel Pageau.
8:27 of 3rd period - Deflect By David Perron.
8:27 of 3rd period - Stopped by Jordan Binnington without a rebound.
8:28 of 3rd period - Sidney Crosby wins face-off versus Mark Scheifele in SASKATOON DUCKS zone.
8:32 of 3rd period - Off-side.
8:33 of 3rd period - Kailer Yamamoto wins face-off versus Mark Scheifele in neutral zone.
8:36 of 3rd period - Mark Scheifele is hit by Kailer Yamamoto and loses puck.
8:47 of 3rd period - Shot by Nikita Kucherov.
8:47 of 3rd period - Shot Misses the Net.
9:28 of 3rd period - Icing by Alex Goligoski.
9:29 of 3rd period - Sidney Crosby wins face-off versus Drake Batherson in SASKATOON DUCKS zone.
9:47 of 3rd period - Shot by Drake Batherson.
9:47 of 3rd period - Stopped by Jordan Binnington with a rebound.
9:49 of 3rd period - Shot by Ryan Hartman.
9:49 of 3rd period - Deflect By Marcus Foligno.
9:49 of 3rd period - Stopped by Jordan Binnington with a rebound.
9:51 of 3rd period - Shot by Drake Batherson.
9:51 of 3rd period - Shot Misses the Net.
9:53 of 3rd period - Shot by Vladislav Gavrikov.
9:53 of 3rd period - Stopped by Jordan Binnington with a rebound.
9:55 of 3rd period - Shot by Marcus Foligno.
9:55 of 3rd period - Shot Blocked by Ryan McDonagh.
9:57 of 3rd period - Shot by Ryan Hartman.
9:57 of 3rd period - Shot Blocked by Alex Goligoski.
10:01 of 3rd period - Shot by Drake Batherson.
10:01 of 3rd period - Stopped by Jordan Binnington without a rebound.
10:02 of 3rd period - Jean-Gabriel Pageau wins face-off versus Dylan Strome in SASKATOON DUCKS zone.
10:31 of 3rd period - Shot by Jean-Gabriel Pageau.
10:31 of 3rd period - Stopped by Jordan Binnington without a rebound.
10:32 of 3rd period - Joe Thornton wins face-off versus Mark Scheifele in SASKATOON DUCKS zone.
11:02 of 3rd period - Shot by Mark Scheifele.
11:02 of 3rd period - Shot Misses the Net.
11:05 of 3rd period - Icing by Andrej Sekera.
11:06 of 3rd period - Joe Thornton wins face-off versus Jean-Gabriel Pageau in SASKATOON DUCKS zone.
11:34 of 3rd period - Radko Gudas is hit by Jean-Gabriel Pageau and loses puck.
11:54 of 3rd period - Off-side.
11:55 of 3rd period - Mark Scheifele wins face-off versus Dylan Strome in neutral zone.
11:58 of 3rd period - Shot by Nikita Kucherov.
11:58 of 3rd period - Shot Misses the Net.
12:00 of 3rd period - Shot by Mark Scheifele.
12:00 of 3rd period - Shot Blocked by Samuel Girard.
12:02 of 3rd period - Shot by Mark Scheifele.
12:02 of 3rd period - Stopped by Jordan Binnington with a rebound.
12:04 of 3rd period - Shot by Connor Murphy.
12:04 of 3rd period - Shot Hit the Post.
12:16 of 3rd period - Shot by Mark Scheifele.
12:16 of 3rd period - Shot Blocked by Zdeno Chara.
12:32 of 3rd period - Shot by Nikita Kucherov.
12:32 of 3rd period - Shot Misses the Net.
12:34 of 3rd period - Shot by Mark Scheifele.
12:34 of 3rd period - Goal by Mark Scheifele - SASKATOON DUCKS : 2 - SAN DIEGO THUNDER : 2.
12:35 of 3rd period - Ryan Hartman wins face-off versus Kailer Yamamoto in neutral zone.
12:47 of 3rd period - Minor Penalty to Rasmus Dahlin for Elbowing.
12:48 of 3rd period - Jean-Gabriel Pageau wins face-off versus Sidney Crosby in SAN DIEGO THUNDER zone.
12:54 of 3rd period - Icing by Sidney Crosby.
12:55 of 3rd period - Jean-Gabriel Pageau wins face-off versus Sidney Crosby in SASKATOON DUCKS zone.
12:58 of 3rd period - Shot by Ryan Hartman.
12:58 of 3rd period - Deflect By Jean-Gabriel Pageau.
12:58 of 3rd period - Shot Misses the Net.
13:21 of 3rd period - Icing by Sidney Crosby.
13:22 of 3rd period - Jean-Gabriel Pageau wins face-off versus Sidney Crosby in SASKATOON DUCKS zone.
13:31 of 3rd period - Ryan Strome is hit by Jean-Gabriel Pageau and loses puck.
13:48 of 3rd period - Marcus Foligno is hit by Ryan Strome.
14:35 of 3rd period - Shot by Dylan Strome.
14:35 of 3rd period - Stopped by Connor Hellebuyck without a rebound.
14:36 of 3rd period - Jean-Gabriel Pageau wins face-off versus Dylan Strome in SAN DIEGO THUNDER zone.
14:36 of 3rd period - Jean-Gabriel Pageau is hit by Kailer Yamamoto.
14:48 of 3rd period - Shot by William Nylander.
14:48 of 3rd period - Stopped by Connor Hellebuyck without a rebound.
14:49 of 3rd period - Joe Thornton wins face-off versus Mark Scheifele in SAN DIEGO THUNDER zone.
15:43 of 3rd period - Icing by Evander Kane.
15:44 of 3rd period - Mark Scheifele wins face-off versus Sidney Crosby in SAN DIEGO THUNDER zone.
16:03 of 3rd period - Minor Penalty to David Perron for Interference.
16:04 of 3rd period - Dylan Strome wins face-off versus Jean-Gabriel Pageau in SAN DIEGO THUNDER zone.
18:59 of 3rd period - Joe Thornton is hit by Jean-Gabriel Pageau and loses puck.
Goals for this period are 0 for SASKATOON DUCKS vs 1 for SAN DIEGO THUNDER.
Shots for this period are 4 for SASKATOON DUCKS vs 10 for SAN DIEGO THUNDER.

Overtime #1


0:01 of 1st overtime period - Ryan Strome wins face-off versus Mark Scheifele in neutral zone.
0:21 of 1st overtime period - Shot by David Perron.
0:21 of 1st overtime period - Shot Misses the Net.
0:23 of 1st overtime period - Shot by David Perron.
0:23 of 1st overtime period - Stopped by Jordan Binnington without a rebound.
0:24 of 1st overtime period - Mark Scheifele wins face-off versus Ryan Strome in SASKATOON DUCKS zone.
0:25 of 1st overtime period - Shot by David Perron.
0:25 of 1st overtime period - Shot Misses the Net.
0:31 of 1st overtime period - Shot by Artemi Panarin.
0:31 of 1st overtime period - Deflect By Ryan Strome.
0:31 of 1st overtime period - Shot Blocked by Charles McAvoy.
0:33 of 1st overtime period - Shot by Ryan Strome.
0:33 of 1st overtime period - Shot Misses the Net.
0:35 of 1st overtime period - Shot by Alex Goligoski.
0:35 of 1st overtime period - Shot Misses the Net.
0:37 of 1st overtime period - Shot by Artemi Panarin.
0:37 of 1st overtime period - Shot Blocked by Charles McAvoy.
1:17 of 1st overtime period - Icing by William Nylander.
1:18 of 1st overtime period - Evander Kane wins face-off versus William Nylander in SASKATOON DUCKS zone.
1:19 of 1st overtime period - Shot by Nikita Kucherov.
1:19 of 1st overtime period - Shot Misses the Net.
1:49 of 1st overtime period - Shot by Kailer Yamamoto.
1:49 of 1st overtime period - Shot Misses the Net.
2:14 of 1st overtime period - Icing by Alex Goligoski.
2:15 of 1st overtime period - Ryan Strome wins face-off versus Mark Scheifele in SASKATOON DUCKS zone.
2:34 of 1st overtime period - Shot by Artemi Panarin.
2:34 of 1st overtime period - Stopped by Connor Hellebuyck without a rebound.
2:35 of 1st overtime period - Ryan Strome wins face-off versus Mark Scheifele in SAN DIEGO THUNDER zone.
2:40 of 1st overtime period - Shot by Artemi Panarin.
2:40 of 1st overtime period - Shot Misses the Net.
2:58 of 1st overtime period - Shot by Mark Scheifele.
2:58 of 1st overtime period - Goal by Mark Scheifele - SASKATOON DUCKS : 2 - SAN DIEGO THUNDER : 3.
Goals for this period are 0 for SASKATOON DUCKS vs 1 for SAN DIEGO THUNDER.
Shots for this period are 1 for SASKATOON DUCKS vs 2 for SAN DIEGO THUNDER.


SEBASTIAN
AHO
MARK
SCHEIFELE
JAKE
OETTINGER

EAST COAST

HOCKEY LEAGUE

  • 17.QUE3CHI2
  • 18.CHA2LIM4
  • 19.TRV3LON2
  • 20.CHW1BAL2
  • 21.PITMAN
  • 22.ATLNHW
  • 23.WORPET
  • 24.RHI